AoeStats
← Alexander

African Clearing

510671397Analyzed
4v4 RM · 16h ago on Oct 2, 2026· 63m 4s· 8 players
Game mode
Random Map
Map size
Large (8 player)
Population
200
Speed
Normal
Resources
Standard
Victory
Conquest
Starting age
Dark Age
Ending age
Imperial Age
RankedLock teamsTeams togetherTeam positionsShared explorationLock speedFull tech treeHidden civsTurbo modeCheats
Victory
Defeat
🇹🇼 Mongols · Taiwan
1245
+15
🇨🇳 Huns · China
1230
+16
🇨🇳 Mongols · China
1207
+17
🇦🇷 Italians · Argentina
1179
+18
🇺🇸 Vietnamese · United States
1257
-18
🇺🇸 Huns · United States
1228
-17
🇺🇸 Varangians · United States
1211
-16
🇺🇸 Japanese · United States
1182
-15
Alexander
9:46 Loom
14:29 Feudal Age
19:05 Bloodlines
23:10 Wheelbarrow
36:34 Castle Age
35:05 Double-Bit Axe
41:24 Bow Saw
46:15 Town Watch
51:45 Imperial Age
50:14 Husbandry
51:39 Scale Barding Armor
51:55 Elite Steppe Lancer
52:48 Forging
52:32 Horse Collar
52:51 Gold Mining
54:18 Chain Barding Armor
54:24 Heavy Plow
55:14 Iron Casting
55:41 Fletching
57:01 Conscription
58:21 Hand Cart
59:10 Blast Furnace
58:19 Town Patrol
60:01 Drill
59:45 Bodkin Arrow
61:05 Chemistry
62:57 Bracer
bigapple334
3:13 Loom
12:51 Feudal Age
13:22 Double-Bit Axe
18:20 Fletching
19:48 Wheelbarrow
20:01 Padded Archer Armor
19:53 Horse Collar
21:59 Wheelbarrow
25:57 Castle Age
26:46 Crossbowman
27:23 Bodkin Arrow
28:13 Thumb Ring
29:40 Ballistics
40:14 Wheelbarrow
42:16 Town Watch
42:49 Bow Saw
43:31 Hand Cart
43:44 Silk Road
46:16 Heavy Plow
49:52 Imperial Age
51:36 Chemistry
50:47 Masonry
50:39 Bracer
50:55 Leather Archer Armor
50:04 Arbalester
51:24 Conscription
51:29 Gold Mining
53:10 Ring Archer Armor
53:26 Crop Rotation
53:59 Two-Man Saw
54:13 Scale Mail Armor
54:23 Forging
55:44 Chain Mail Armor
58:17 Plate Mail Armor
58:22 Iron Casting
60:41 Caravan
62:45 Blast Furnace
_xy_2252
3:36 Loom
14:11 Feudal Age
15:31 Wheelbarrow
14:42 Town Watch
18:33 Castle Age
16:49 Double-Bit Axe
17:36 Horse Collar
26:31 Stone Mining
28:16 Gold Mining
29:20 Bow Saw
30:02 Stone Shaft Mining
30:51 Hand Cart
33:46 Fletching
33:57 Padded Archer Armor
38:19 Gold Shaft Mining
42:53 Imperial Age
41:32 Leather Archer Armor
41:13 Bodkin Arrow
41:36 Town Patrol
42:33 Bodkin Arrow
43:53 Bracer
43:17 Elite Mangudai
45:48 Scale Barding Armor
45:54 Forging
47:16 Chemistry
46:36 Ballistics
46:27 Fortified Wall
46:23 Siege Engineers
46:30 Masonry
47:15 Chain Barding Armor
46:18 Light Cavalry
47:09 Bloodlines
47:00 Husbandry
48:18 Iron Casting
48:11 Thumb Ring
48:32 Parthian Tactics
48:30 Conscription
48:32 Drill
48:00 Hussar
50:39 Blast Furnace
49:40 Capped Ram
49:42 Onager
49:43 Heavy Scorpion
50:47 Murder Holes
50:49 Siege Ram
50:51 Heavy Scorpion
54:48 Siege Onager
白鸟ii
4:55 Loom
13:32 Feudal Age
17:17 Castle Age
15:47 Double-Bit Axe
19:08 Bow Saw
20:02 Wheelbarrow
19:53 Horse Collar
26:05 Heavy Plow
27:04 Gold Mining
27:04 Stone Mining
28:42 Gold Shaft Mining
29:40 Hand Cart
30:35 Bloodlines
33:42 Imperial Age
32:06 Scale Barding Armor
32:11 Forging
32:14 Bloodlines
32:05 Husbandry
32:20 Marauders
33:47 Elite Tarkan
34:47 Conscription
35:18 Chain Barding Armor
35:41 Conscription
37:00 Iron Casting
37:01 Plate Barding Armor
37:01 Iron Casting
38:38 Plate Barding Armor
39:03 Blast Furnace
38:38 Plate Barding Armor
39:03 Blast Furnace
40:12 Light Cavalry
42:06 Town Watch
45:04 Hussar
45:58 Town Patrol
49:21 Cavalier
50:43 Paladin
dong
4:55 Loom
14:37 Feudal Age
15:52 Double-Bit Axe
16:16 Horse Collar
17:24 Bloodlines
23:25 Castle Age
21:37 Scale Barding Armor
23:18 Forging
28:50 Bow Saw
28:52 Heavy Plow
30:11 Husbandry
30:18 Gold Mining
30:22 Stone Mining
31:35 Wheelbarrow
32:05 Chain Barding Armor
35:21 Iron Casting
36:20 Hand Cart
41:01 Imperial Age
39:50 Fletching
43:13 Blast Furnace
42:49 Plate Barding Armor
44:31 Elite Jarl
48:01 Bodkin Arrow
53:03 Town Watch
54:20 Two-Man Saw
53:52 Crop Rotation
57:56 Bracer
58:30 Scale Mail Armor
59:21 Pikeman
60:02 Squires
59:48 Gambesons
60:21 Chain Mail Armor
60:35 Halberdier
DIYwoo
4:57 Loom
16:40 Feudal Age
17:19 Double-Bit Axe
19:18 Fletching
20:54 Stone Mining
20:55 Gold Mining
22:17 Padded Archer Armor
23:37 Scale Mail Armor
29:15 Castle Age
27:08 Gold Mining
29:05 Forging
29:52 Elite Skirmisher
30:36 Bodkin Arrow
33:11 Squires
36:53 Wheelbarrow
38:30 Bow Saw
41:28 Hand Cart
42:32 Ballistics
43:00 Leather Archer Armor
43:21 Iron Casting
43:01 Chain Mail Armor
43:47 Thumb Ring
43:03 Crossbowman
48:17 Imperial Age
49:34 Ring Archer Armor
49:05 Bracer
48:33 Imperial Skirmisher
50:39 Chemistry
49:50 Masonry
49:37 Murder Holes
50:09 Arbalester
56:55 Two-Man Saw
ggggidea
4:11 Loom
13:46 Feudal Age
14:22 Double-Bit Axe
15:51 Forging
17:37 Bloodlines
19:03 Scale Barding Armor
21:32 Wheelbarrow
23:06 Horse Collar
24:09 Gold Mining
27:21 Castle Age
28:23 Bow Saw
28:51 Chain Barding Armor
29:06 Iron Casting
28:36 Husbandry
29:10 Hand Cart
37:34 Scale Mail Armor
37:38 Squires
38:16 Pikeman
54:36 Stone Mining
55:27 Gold Shaft Mining
60:44 Imperial Age
58:25 Marauders
59:56 Town Watch
60:54 Elite Tarkan
61:09 Halberdier
一杯茶
5:28 Loom
14:12 Feudal Age
15:42 Double-Bit Axe
15:41 Horse Collar
21:07 Wheelbarrow
24:55 Castle Age
23:09 Fletching
24:21 Padded Archer Armor
24:22 Gold Mining
26:56 Bodkin Arrow
28:12 Thumb Ring
29:23 Bloodlines
33:09 Leather Archer Armor
39:09 Imperial Age
37:44 Bow Saw
40:58 Bracer
41:00 Scale Mail Armor
41:11 Forging
41:27 Conscription
42:55 Chain Mail Armor
43:50 Elite Samurai
48:30 Plate Mail Armor
48:35 Iron Casting
48:16 Pikeman
48:57 Squires
48:46 Gambesons
50:38 Halberdier
54:18 Ring Archer Armor
54:51 Blast Furnace
Connection lost

Rejoining the realm…

Still unreachable

The connection could not be restored.

Session expired

The server has moved on; the page needs a fresh start.